[Event "55th Rubinstein Memorial-A 2019"]
[Site "Polanica-Zdroj"]
[Date "2019.08.25"]
[Round "9.1"]
[White "Warakomski, Tomasz"]
[Black "Mis, Mieszko"]
[Result "1/2-1/2"]
[ECO "B10"]
[WhiteElo "2497"]
[BlackElo "2296"]
[Annotator "ChessBase"]
[PlyCount "80"]
[EventDate "2019.08.17"]
[EventType "swiss"]
[EventCountry "POL"]
[SourceTitle "playchess.com"]
[Source "ChessBase"]
[SourceQuality "1"]
[TimeControl "40/5400+30:1800+30"]

1. e4 c6 2. Nc3 d5 3. Nf3 dxe4 4. Nxe4 Nd7 5. Bc4 e6 6. d4 Ngf6 7. Qe2 Nxe4 8. Qxe4 Nf6 9. Qe2 Bd6 10. Ne5 Qc7 11. f4 b5 12. Bd3 a6 13. Bd2 c5 14. dxc5 Qxc5 15. a4 bxa4 16. Rxa4 O-O 17. Be3 Qc7 18. O-O Bb7 19. Rc4 Qe7 20. Bd4 Rfc8 21. Qe3 h6 22. c3 Rab8 23. Ra1 Nd5 24. Qg3 Nf6 25. Rxc8+ Rxc8 26. Ng4 Nxg4 27. Qxg4 f5 28. Qe2 Bxf4 29. Bxf5 Re8 30. Be4 Bxh2+ 31. Kxh2 Qh4+ 32. Kg1 Qxe4 33. Qxe4 Bxe4 34. Rxa6 e5 35. Be3 Ra8 36. Rb6 Ra1+ 37. Kf2 Rh1 38. Bc5 Rh2 39. Bd6 Rxg2+ 40. Ke3 Bd5 {[%emt 0:00:00] Ke4} 1/2-1/2

[Event "55th Rubinstein Memorial-A 2019"]
[Site "Polanica-Zdroj"]
[Date "2019.08.25"]
[Round "9.2"]
[White "Kozak, Antoni"]
[Black "Oglaza, Oskar"]
[Result "1/2-1/2"]
[ECO "E32"]
[WhiteElo "2354"]
[BlackElo "2367"]
[Annotator "NA"]
[PlyCount "60"]
[EventDate "2019.08.17"]
[EventType "swiss"]
[EventCountry "POL"]
[SourceTitle "playchess.com"]
[Source "ChessBase"]
[SourceQuality "1"]
[TimeControl "40/5400+30:1800+30"]

1. d4 Nf6 2. c4 e6 3. Nc3 Bb4 4. Qc2 O-O 5. Bg5 c5 6. dxc5 Na6 7. a3 Bxc3+ 8. Qxc3 Nxc5 9. Bxf6 Qxf6 10. Qxf6 gxf6 11. b4 Na4 12. Nf3 a5 13. e3 b6 14. Be2 Rd8 15. Kd2 Bb7 16. Kc2 Rdc8 17. Nd4 d5 18. Kb3 axb4 19. axb4 dxc4+ 20. Bxc4 Bd5 21. Bxd5 Rc3+ 22. Ka2 exd5 23. Rhc1 Rd3 24. Rc2 Nc3+ 25. Kb2 Nd1+ 26. Kb1 Nc3+ 27. Kb2 Nd1+ 28. Kb1 Nc3+ 29. Kb2 Nd1+ 30. Kb1 Nc3+ 1/2-1/2

[Event "55th Rubinstein Memorial-A 2019"]
[Site "Polanica-Zdroj"]
[Date "2019.08.25"]
[Round "9.3"]
[White "Psyk, Radoslaw"]
[Black "Goluch, Piotr"]
[Result "1/2-1/2"]
[ECO "B23"]
[WhiteElo "2326"]
[BlackElo "2418"]
[Annotator "NA"]
[PlyCount "145"]
[EventDate "2019.08.17"]
[EventType "swiss"]
[EventCountry "POL"]
[SourceTitle "playchess.com"]
[Source "ChessBase"]
[SourceQuality "1"]
[TimeControl "40/5400+30:1800+30"]

1. e4 c5 2. Nc3 Nc6 3. f4 g6 4. Nf3 Bg7 5. Bb5 Nd4 6. O-O Nxb5 7. Nxb5 d6 8. Qe1 Nh6 9. d3 f5 $11 10. Bd2 O-O 11. Bc3 a6 12. Bxg7 Kxg7 13. Nc3 e6 14. Rd1 Bd7 15. d4 cxd4 16. Rxd4 Qb6 17. Kh1 Rad8 18. Qd2 Nf7 19. b3 Bc6 20. exf5 gxf5 21. Rd3 Kh8 22. Re1 Rde8 23. Ng5 Nxg5 24. fxg5 d5 25. Rh3 Rg8 26. Qf4 Rg7 27. Rh6 d4 28. Ne2 e5 29. Qh4 Qd8 30. Ng3 Reg8 31. Rxe5 Qxg5 32. Qxg5 Rxg5 33. Rf6 Be4 34. Rd6 Bxc2 35. Rxd4 R5g7 36. Rd2 Rc7 37. Re1 Be4 38. Nxe4 fxe4 39. Kg1 Re8 40. Rde2 Rce7 41. Kf2 Kg7 42. Ke3 Rd8 43. Rc1 Kg6 44. Rd2 Rxd2 45. Kxd2 Rd7+ 46. Ke3 Rd3+ 47. Ke2 Rd7 48. Rd1 Rc7 49. Ke3 Kf5 50. Rd5+ Ke6 51. Rh5 Rc2 52. g3 Rxa2 53. Rxh7 Rb2 54. Rxb7 Rxh2 55. Rb6+ Kd5 56. Rxa6 Rg2 57. Ra5+ Kd6 58. Rg5 Rb2 59. Kxe4 Rxb3 60. Kf5 Ke7 61. Kg6 Kf8 62. Kh7 Rf3 63. Rg7 Rf1 64. Ra7 Rg1 65. Ra3 Rh1+ 66. Kg6 Rg1 67. Kh7 Rh1+ 68. Kg6 Rg1 69. Kf6 Rf1+ 70. Kg5 Kg7 71. Ra7+ Kg8 72. Kg6 Rf8 73. Rg7+ 1/2-1/2

[Event "55th Rubinstein Memorial-A 2019"]
[Site "Polanica-Zdroj"]
[Date "2019.08.25"]
[Round "9.4"]
[White "Lewtak, Damian"]
[Black "Marszalek, Maciej"]
[Result "1/2-1/2"]
[ECO "C68"]
[WhiteElo "2354"]
[BlackElo "2295"]
[Annotator "NA"]
[PlyCount "138"]
[EventDate "2019.08.17"]
[EventType "swiss"]
[EventCountry "POL"]
[SourceTitle "playchess.com"]
[Source "ChessBase"]
[SourceQuality "1"]
[TimeControl "40/5400+30:1800+30"]

1. e4 e5 2. Nf3 Nc6 3. Bb5 a6 4. Bxc6 dxc6 5. O-O f6 6. d4 Bg4 7. dxe5 Qxd1 8. Rxd1 fxe5 9. Nbd2 Rd8 10. Re1 Bd6 11. Nc4 Bxf3 12. gxf3 Ne7 13. f4 exf4 14. Nxd6+ cxd6 15. Bxf4 Ng6 16. Bg3 h5 17. Rad1 Ke7 18. h4 Rhf8 19. Re2 Nf4 20. Re3 Ke6 21. f3 Rd7 22. Kf2 Nh3+ 23. Kf1 Nf4 24. c4 Rf6 25. e5 dxe5 26. Rxe5+ Kxe5 27. Rxd7 b5 28. Re7+ Kf5 29. Rxg7 Ne6 30. Ra7 Kg6 31. Kg2 Nf4+ 32. Bxf4 Rxf4 33. b3 bxc4 34. Rxa6 cxb3 35. Rxc6+ Kf5 36. axb3 Rb4 37. Kg3 Rxb3 38. Rh6 Rb4 39. Rxh5+ Kf6 40. Rh8 Kg7 41. Re8 Kg6 42. Re4 Rb1 43. Kf4 Rb6 44. Rd4 Rb5 45. Kg4 Rb1 46. Rd6+ Kg7 47. f4 Rg1+ 48. Kf5 Rh1 49. Rd7+ Kh6 50. Ke6 Rxh4 51. f5 Re4+ 52. Kf7 Ra4 53. Re7 Ra1 54. f6 Ra8 55. Re8 Ra7+ 56. Ke6 Ra6+ 57. Kf5 Ra5+ 58. Re5 Ra6 59. Rd5 Rb6 60. Rd8 Rb5+ 61. Ke6 Rb6+ 62. Rd6 Rb7 63. Rd7 Rb8 64. Rd1 Rb6+ 65. Ke7 Rb7+ 66. Ke8 Kg6 67. Rd6 Rf7 68. Re6 Rxf6 69. Rxf6+ Kxf6 1/2-1/2

[Event "55th Rubinstein Memorial-A 2019"]
[Site "Polanica-Zdroj"]
[Date "2019.08.25"]
[Round "9.5"]
[White "Grabarczyk, Miroslaw"]
[Black "Shishkin, Vadim"]
[Result "1/2-1/2"]
[ECO "D30"]
[WhiteElo "2362"]
[BlackElo "2445"]
[Annotator "NA"]
[PlyCount "68"]
[EventDate "2019.08.17"]
[EventType "swiss"]
[EventCountry "POL"]
[SourceTitle "playchess.com"]
[Source "ChessBase"]
[SourceQuality "1"]
[TimeControl "40/5400+30:1800+30"]

1. d4 d5 2. c4 e6 3. Nf3 c6 4. Qc2 dxc4 5. Qxc4 b5 6. Qc2 Bb7 7. Nbd2 Nd7 8. Nb3 Ngf6 9. Bd2 a5 10. e4 b4 11. Nc5 Nxc5 12. dxc5 Nd7 $11 13. Be3 Be7 14. Be2 Ba6 15. Bxa6 Rxa6 16. O-O Qc7 17. a3 bxa3 18. Rxa3 O-O 19. b4 Rb8 20. Bd2 Qb7 21. Rxa5 Rxa5 22. bxa5 Bxc5 23. Rc1 Qa7 24. Be1 f6 25. g3 h6 26. Kg2 Rb5 27. Bc3 Kf7 28. Rd1 Rb7 29. Nd4 Bxd4 30. Rxd4 Nb8 31. Rb4 Rxb4 32. Bxb4 Na6 33. Bd2 c5 34. Qc4 Qb7 1/2-1/2

[Event "55th Rubinstein Memorial-A 2019"]
[Site "Polanica-Zdroj"]
[Date "2019.08.25"]
[Round "9.6"]
[White "Cukrowski, Filip"]
[Black "Goslawski, Michal"]
[Result "1-0"]
[ECO "C42"]
[WhiteElo "2424"]
[BlackElo "2160"]
[Annotator "NA"]
[PlyCount "115"]
[EventDate "2019.08.17"]
[EventType "swiss"]
[EventCountry "POL"]
[SourceTitle "playchess.com"]
[Source "ChessBase"]
[SourceQuality "1"]
[TimeControl "40/5400+30:1800+30"]

1. e4 e5 2. Nf3 Nf6 3. Nxe5 d6 4. Nf3 Nxe4 5. d4 d5 6. Bd3 Nc6 7. O-O Be7 8. c4 Nf6 9. Nc3 O-O 10. h3 Nb4 11. Be2 dxc4 12. Bxc4 Nbd5 13. Bg5 c6 $11 14. Re1 Be6 15. Qb3 Rb8 16. Rac1 Nxc3 17. Bxe6 Ncd5 18. Bxd5 Nxd5 19. Bxe7 Nxe7 20. Qa3 Nc8 21. Ne5 Nd6 22. d5 cxd5 23. Rcd1 Nb5 24. Qc5 Nc7 25. Qxa7 Qd6 26. Qa4 Rbe8 27. Nf3 Rxe1+ 28. Rxe1 Ne6 29. Rd1 Rd8 30. Nd4 Qd7 31. Qxd7 Rxd7 32. Kf1 Kf8 33. Ke2 Nxd4+ 34. Rxd4 Ke7 35. Kd2 Kd6 36. a4 Rc7 37. Rb4 Kc6 38. Rb3 Re7 39. Re3 Rd7 40. Rc3+ Kd6 41. b4 Re7 42. f3 g5 43. a5 f5 44. b5 h5 45. a6 bxa6 46. bxa6 Ra7 47. Ra3 Ke5 48. Ke3 d4+ 49. Kd3 h4 50. Ra2 Kf4 51. Kxd4 Rd7+ 52. Kc5 Kg3 53. a7 Rxa7 54. Rxa7 Kxg2 55. Rg7 Kxf3 56. Rxg5 Kf4 57. Rg8 Kf3 58. Kd4 {[%emt 0:00:16] Ke4+ Kxe4} 1-0

[Event "55th Rubinstein Memorial-A 2019"]
[Site "Polanica-Zdroj"]
[Date "2019.08.25"]
[Round "9.7"]
[White "Luba, Lukasz"]
[Black "Kosakowski, Jakub"]
[Result "0-1"]
[ECO "A46"]
[WhiteElo "2130"]
[BlackElo "2401"]
[Annotator "NA"]
[PlyCount "62"]
[EventDate "2019.08.17"]
[EventType "swiss"]
[EventCountry "POL"]
[SourceTitle "playchess.com"]
[Source "ChessBase"]
[SourceQuality "1"]
[TimeControl "40/5400+30:1800+30"]

1. d4 Nf6 2. Nf3 d6 3. Bf4 Nbd7 4. e3 g6 5. Bc4 e6 6. Nbd2 Bg7 7. Qe2 O-O 8. O-O-O a6 9. Rhg1 b5 10. Bb3 Nb6 11. c3 a5 12. Qxb5 $19 (12. Bg5 $17) 12... a4 13. Bc2 Nfd5 14. Qf1 a3 15. Bb3 axb2+ 16. Kc2 Ba6 17. Qe1 c5 18. Bxd6 Qxd6 19. Ne4 Qc7 20. Nxc5 Nc4 21. h4 b1=Q+ 22. Kxb1 Nxc3+ 23. Qxc3 Qxc5 24. Rc1 Qb6 25. Ka1 Na5 26. Rb1 Nxb3+ 27. Rxb3 Qa7 28. Ra3 Rfc8 29. Qa5 Bf8 30. Ra4 Qb7 31. Qe5 Rab8 0-1

[Event "55th Rubinstein Memorial-A 2019"]
[Site "Polanica-Zdroj"]
[Date "2019.08.25"]
[Round "9.8"]
[White "Jaroch, Karol"]
[Black "Kucza, Karol"]
[Result "1/2-1/2"]
[ECO "C55"]
[WhiteElo "2231"]
[BlackElo "2296"]
[Annotator "NA"]
[PlyCount "82"]
[EventDate "2019.08.17"]
[EventType "swiss"]
[EventCountry "POL"]
[SourceTitle "playchess.com"]
[Source "ChessBase"]
[SourceQuality "1"]
[TimeControl "40/5400+30:1800+30"]

1. e4 e5 2. Nf3 Nc6 3. Bc4 Nf6 4. d3 Be7 5. O-O O-O 6. Nc3 d6 7. h3 Na5 8. Bb5 a6 9. Ba4 b5 10. Bb3 Nxb3 11. axb3 b4 12. Ne2 c5 13. Ng3 h6 14. c4 Ne8 15. Be3 Nc7 16. Nd2 Bg5 17. Nf5 Kh7 18. Bxg5 hxg5 19. Qh5+ Kg8 20. Nf3 Ne6 21. g3 Ra7 22. h4 g6 23. Qh6 gxf5 24. exf5 f6 25. fxe6 Qe8 26. hxg5 Rh7 27. e7 Qxe7 28. gxf6 Rxf6 29. Qg5+ Rg7 30. Qe3 Bb7 31. Nd2 Rf4 32. f3 Qh4 33. Kf2 Qh2+ 34. Ke1 Rxg3 35. Rd1 Rg2 36. Rf2 Rh4 37. Ke2 Rxf2+ 38. Qxf2 Qxf2+ 39. Kxf2 Rh2+ 40. Ke3 Kf7 41. Rg1 Bc6 {[%emt 0:05:18] Ke4} 1/2-1/2

[Event "55th Rubinstein Memorial-A 2019"]
[Site "Polanica-Zdroj"]
[Date "2019.08.25"]
[Round "9.9"]
[White "Lukasiewicz, Krzysztof"]
[Black "Oleksy, Krzysztof"]
[Result "1/2-1/2"]
[ECO "A45"]
[WhiteElo "2185"]
[BlackElo "1840"]
[Annotator "NA"]
[PlyCount "98"]
[EventDate "2019.08.17"]
[EventType "swiss"]
[EventCountry "POL"]
[SourceTitle "playchess.com"]
[Source "ChessBase"]
[SourceQuality "1"]
[TimeControl "40/5400+30:1800+30"]

1. d4 Nf6 2. Bf4 g6 3. Nc3 d5 4. e3 Bg7 5. h4 h5 6. Be2 c5 7. Nb5 Na6 8. c3 O-O 9. Nf3 Bg4 10. Ne5 Bxe2 11. Qxe2 Nb8 12. dxc5 Nc6 13. Nxc6 bxc6 14. Nd4 Qd7 15. Be5 Ne4 16. Bxg7 Kxg7 17. b4 e5 18. Nf3 f6 19. Qc2 a5 20. a3 Qg4 21. O-O Rae8 22. Rac1 g5 23. c4 gxh4 24. Nh2 Qg6 25. cxd5 cxd5 26. Qd3 h3 27. g3 h4 28. g4 f5 29. f3 Ng3 30. Rf2 fxg4 31. Qxg6+ Kxg6 32. Nxg4 Rxf3 33. Rxf3 Ne2+ 34. Kh2 Nxc1 35. Kxh3 axb4 36. axb4 Nd3 37. Rf6+ Kg5 38. Rb6 d4 39. c6 Rc8 40. Rb5 Rxc6 41. Nxe5 Nxe5 42. Rxe5+ Kf6 43. exd4 Rc4 44. Re4 Rxb4 45. Rxh4 Ke7 46. Kg3 Kd6 47. Kf3 Kd5 48. Ke3 Rb3+ 49. Kd2 Rg3 1/2-1/2

[Event "55th Rubinstein Memorial-A 2019"]
[Site "Polanica-Zdroj"]
[Date "2019.08.25"]
[Round "9.10"]
[White "Lapaj, Mateusz"]
[Black "Malicka, Maria"]
[Result "1/2-1/2"]
[ECO "A45"]
[WhiteElo "2233"]
[BlackElo "2062"]
[Annotator "NA"]
[PlyCount "66"]
[EventDate "2019.08.17"]
[EventType "swiss"]
[EventCountry "POL"]
[SourceTitle "playchess.com"]
[Source "ChessBase"]
[SourceQuality "1"]
[TimeControl "40/5400+30:1800+30"]

1. d4 Nf6 2. Bg5 Ne4 3. Bf4 c5 4. f3 Qa5+ 5. c3 Nf6 6. d5 e6 7. e4 exd5 8. exd5 d6 9. Qd2 Be7 10. c4 Qxd2+ 11. Kxd2 O-O 12. Nc3 a6 13. a4 b6 14. Bd3 Nh5 15. Be3 f5 16. Nge2 Nd7 17. Nf4 Nxf4 18. Bxf4 Ne5 19. Rhb1 Bf6 20. b4 g5 21. Bxe5 Bxe5 22. g3 Rf7 23. a5 cxb4 24. Rxb4 bxa5 25. Rxa5 Bd4 26. Rb1 Kg7 27. Na4 Raa7 28. Rb8 Rac7 29. c5 dxc5 30. Nb6 Rb7 31. Rxb7 Bxb7 32. Bxa6 Rf6 33. Bxb7 Rxb6 1/2-1/2

[Event "55th Rubinstein Memorial-A 2019"]
[Site "Polanica-Zdroj"]
[Date "2019.08.25"]
[Round "9.11"]
[White "Jaskolka, Tomasz"]
[Black "Zych, Marek"]
[Result "1-0"]
[ECO "D85"]
[WhiteElo "2227"]
[BlackElo "2061"]
[Annotator "NA"]
[PlyCount "103"]
[EventDate "2019.08.17"]
[EventType "swiss"]
[EventCountry "POL"]
[SourceTitle "playchess.com"]
[Source "ChessBase"]
[SourceQuality "1"]
[TimeControl "40/5400+30:1800+30"]

1. d4 Nf6 2. c4 g6 3. Nc3 d5 4. cxd5 Nxd5 5. Na4 Bg7 6. Nf3 Bg4 7. e4 Nb6 8. Be3 Nxa4 9. Qxa4+ Nd7 10. Ne5 Bxe5 11. dxe5 O-O 12. h3 Be6 13. f4 Nb6 14. Qc2 f5 15. Rd1 Qc8 16. Bd3 c6 17. g4 fxe4 18. Bxe4 Nd5 19. Bc1 Nxf4 20. Bxf4 Rxf4 21. Bxg6 Qc7 22. Bxh7+ Kh8 23. Rh2 Raf8 24. Bd3 Qxe5+ 25. Re2 Qa5+ 26. Qc3+ Qxc3+ 27. bxc3 Rf1+ 28. Kd2 Bxa2 29. Rxf1 Rxf1 30. Rxe7 Rf7 31. Re1 Bd5 32. c4 Bf3 33. Bf5 b5 34. Re3 Bg2 35. h4 a5 36. h5 Kg7 37. Re6 Rf6 38. Rxf6 Kxf6 39. h6 Bf1 40. g5+ Kf7 41. cxb5 cxb5 42. Kc3 a4 43. Kd4 a3 44. Ke5 a2 45. Be6+ Kg6 46. Bxa2 Bd3 47. Kf4 Kh7 48. Bd5 Kh8 49. Be4 Bc4 50. g6 Kg8 51. Kg5 Bf7 52. g7 1-0

[Event "55th Rubinstein Memorial-A 2019"]
[Site "Polanica-Zdroj"]
[Date "2019.08.25"]
[Round "9.12"]
[White "Derylo, Kamil"]
[Black "Niedbala, Bartlomiej"]
[Result "1-0"]
[ECO "B13"]
[WhiteElo "2030"]
[BlackElo "2169"]
[Annotator "NA"]
[PlyCount "87"]
[EventDate "2019.08.17"]
[EventType "swiss"]
[EventCountry "POL"]
[SourceTitle "playchess.com"]
[Source "ChessBase"]
[SourceQuality "1"]
[TimeControl "40/5400+30:1800+30"]

1. e4 c6 2. d4 d5 3. exd5 cxd5 4. Bd3 Nc6 5. c3 g6 6. Nf3 Bf5 7. Bf4 Nf6 8. h3 Bg7 9. O-O O-O 10. Bxf5 gxf5 11. Ne1 e6 12. Nd3 Ne7 13. Re1 Ng6 14. Bh2 Ne4 15. f3 Nf6 16. Nd2 Bh6 17. Ne5 f4 18. Nb3 Nh5 19. Nc5 b6 20. Ncd3 Qh4 21. Qd2 Kg7 22. a4 Ng3 23. a5 Rfe8 24. Ra2 f6 25. Nxg6 hxg6 26. axb6 axb6 27. Rxa8 Rxa8 28. Rxe6 Ne4 29. Qc1 Ng5 30. Rxb6 Re8 31. Nf2 Re2 32. Qf1 Re3 33. Qd1 f5 34. Kf1 Kh7 35. Bg1 Bg7 36. Nd3 Re6 37. Bf2 Qh6 38. Rxe6 Nxe6 39. Qb3 Qg5 40. Qxd5 Qe7 41. Ne5 Bxe5 42. Qxe5 Qd7 43. d5 Qb5+ 44. Kg1 1-0

[Event "55th Rubinstein Memorial-A 2019"]
[Site "Polanica-Zdroj"]
[Date "2019.08.25"]
[Round "9.13"]
[White "Wisniewski, Michal"]
[Black "Stachecki, Mikolaj"]
[Result "1-0"]
[ECO "A05"]
[WhiteElo "2130"]
[BlackElo "1765"]
[Annotator "NA"]
[PlyCount "79"]
[EventDate "2019.08.17"]
[EventType "swiss"]
[EventCountry "POL"]
[SourceTitle "playchess.com"]
[Source "ChessBase"]
[SourceQuality "1"]
[TimeControl "40/5400+30:1800+30"]

1. Nf3 Nf6 2. c4 g6 3. g3 Bg7 4. Bg2 O-O 5. O-O d6 6. Nc3 Nbd7 7. Rb1 a5 8. a3 e5 9. d3 c6 10. Bg5 h6 11. Bxf6 Nxf6 12. b4 Qe7 13. Nd2 Be6 14. b5 Qc7 15. Qa4 Rfc8 16. Rb3 Nd7 17. Rbb1 Nc5 18. Qc2 Rab8 19. Rfc1 Qd7 20. Na4 cxb5 21. Nb6 Qc7 22. Nxc8 Rxc8 23. Rxb5 Bd7 24. Rb2 e4 25. Nxe4 Bxb2 26. Qxb2 Nxe4 27. Bxe4 b5 28. Bd5 Qd8 29. cxb5 Rxc1+ 30. Qxc1 Bxb5 31. Qxh6 Qf6 32. Qf4 Qe7 33. Qe4 Qf6 34. Kg2 Bd7 35. Qf4 Qe7 36. e3 Bf5 37. e4 Bc8 38. h4 Qd7 39. Qf6 Kf8 40. h5 1-0

[Event "55th Rubinstein Memorial-A 2019"]
[Site "Polanica-Zdroj"]
[Date "2019.08.25"]
[Round "9.14"]
[White "Slomczewski, Michal"]
[Black "Skurniak, Szymon"]
[Result "1/2-1/2"]
[ECO "A20"]
[WhiteElo "2115"]
[BlackElo "1962"]
[Annotator "NA"]
[PlyCount "91"]
[EventDate "2019.08.17"]
[EventType "swiss"]
[EventCountry "POL"]
[SourceTitle "playchess.com"]
[Source "ChessBase"]
[SourceQuality "1"]
[TimeControl "40/5400+30:1800+30"]

1. c4 e5 2. a3 c6 3. e3 d5 4. b4 Be6 5. Bb2 Bd6 6. Qc2 f5 7. f4 exf4 8. exf4 Bxf4 9. Nh3 Bh6 10. Bd3 Qh4+ 11. Nf2 Ne7 12. c5 O-O 13. Nc3 a5 14. O-O axb4 15. axb4 Bf4 16. Nh3 Rxa1 17. Rxa1 Bc7 18. Ne2 f4 19. Qc3 Rf7 20. Nhxf4 Bxf4 21. g3 Qg5 22. Nxf4 Rxf4 23. Qe5 Qxe5 24. Bxe5 Rf8 25. Bd6 Rf3 26. Be2 Rb3 27. Bxe7 Rxb4 28. Ra8 Kf7 29. Rxb8 Kxe7 30. Ba6 Bf5 31. Rxb7+ Rxb7 32. Bxb7 Kd7 33. Ba6 g5 34. d4 Ke6 35. Kf2 Kf6 36. Ke3 Bd7 37. Kf3 h5 38. h4 Kf5 39. Bd3+ Kf6 40. Ke3 Bc8 41. Be2 Kg6 42. Kd2 Bg4 43. Ba6 Bd7 44. Bd3+ Bf5 45. Be2 Bg4 46. Ba6 1/2-1/2

[Event "55th Rubinstein Memorial-A 2019"]
[Site "Polanica-Zdroj"]
[Date "2019.08.25"]
[Round "9.15"]
[White "Butyrowski, Marcel"]
[Black "Praczukowski, Stanislaw"]
[Result "1/2-1/2"]
[ECO "E62"]
[WhiteElo "1913"]
[BlackElo "2126"]
[Annotator "NA"]
[PlyCount "68"]
[EventDate "2019.08.17"]
[EventType "swiss"]
[EventCountry "POL"]
[SourceTitle "playchess.com"]
[Source "ChessBase"]
[SourceQuality "1"]
[TimeControl "40/5400+30:1800+30"]

1. d4 Nf6 2. c4 g6 3. g3 Bg7 4. Bg2 O-O 5. Nc3 d6 6. Nf3 Nc6 7. O-O Bg4 8. b3 Nd7 9. Be3 e5 10. d5 Ne7 11. Rc1 f5 12. Ng5 f4 13. Bd2 h6 14. Nge4 Bh5 15. b4 a5 16. a3 axb4 17. axb4 Nf6 18. Nxf6+ Bxf6 19. Ne4 g5 20. f3 Bg6 21. gxf4 gxf4 22. Kh1 Nf5 23. Bh3 Kh7 24. Bxf5 Bxf5 25. e3 Bxe4 26. fxe4 fxe3 27. Bxe3 Bg5 28. Rxf8 Qxf8 29. Bxg5 hxg5 30. Qh5+ Qh6 31. Qf7+ Qg7 32. Qh5+ Qh6 33. Qf7+ Qg7 34. Qh5+ Qh6 1/2-1/2

[Event "55th Rubinstein Memorial-A 2019"]
[Site "Polanica-Zdroj"]
[Date "2019.08.25"]
[Round "9.16"]
[White "Domanski, Lukasz"]
[Black "Majek, Kacper"]
[Result "1-0"]
[ECO "C24"]
[WhiteElo "2058"]
[BlackElo "1984"]
[Annotator "NA"]
[PlyCount "51"]
[EventDate "2019.08.17"]
[EventType "swiss"]
[EventCountry "POL"]
[SourceTitle "playchess.com"]
[Source "ChessBase"]
[SourceQuality "1"]
[TimeControl "40/5400+30:1800+30"]

1. e4 e5 2. Bc4 Nf6 3. d3 Bc5 4. Nc3 O-O 5. f4 d6 6. f5 c6 7. g4 d5 8. g5 dxc4 9. gxf6 Qxf6 10. Qg4 cxd3 11. Bg5 d2+ 12. Bxd2 h6 13. O-O-O b5 14. Nf3 Kh7 15. Ne2 g6 16. Qh3 gxf5 17. Nxe5 fxe4 18. Qh5 e3 19. Bc3 Qf5 20. Qh4 Qg5 21. Qe1 b4 22. Rg1 Qf5 23. Nd7 f6 24. Qg3 Qg5 25. Nxf8+ Bxf8 26. Qc7+ 1-0

[Event "55th Rubinstein Memorial-A 2019"]
[Site "Polanica-Zdroj"]
[Date "2019.08.25"]
[Round "9.17"]
[White "Galant, Ireneusz"]
[Black "Rosicki, Marcin"]
[Result "0-1"]
[ECO "A45"]
[WhiteElo "1774"]
[BlackElo "2042"]
[Annotator "NA"]
[PlyCount "100"]
[EventDate "2019.08.17"]
[EventType "swiss"]
[EventCountry "POL"]
[SourceTitle "playchess.com"]
[Source "ChessBase"]
[SourceQuality "1"]
[TimeControl "40/5400+30:1800+30"]

1. d4 Nf6 2. Bf4 d5 3. e3 Bf5 4. Nf3 e6 5. Be2 Bd6 6. Ne5 Nfd7 7. g4 Bg6 8. h4 Nxe5 9. dxe5 Bb4+ 10. c3 Be7 11. h5 Be4 12. Rh2 Bxb1 13. Qxb1 Nc6 14. Qc2 Bc5 15. Bd3 h6 16. Qb3 Qd7 17. O-O-O O-O-O 18. Rg1 f6 19. exf6 gxf6 20. Qb5 Bd6 21. Qb3 Bxf4 22. exf4 Qd6 23. Rhg2 Qxf4+ 24. Kb1 Ne5 25. Be2 Rhe8 26. Bb5 c6 27. Qa4 d4 28. Bc4 Nxc4 29. Qxc4 Qe5 30. cxd4 Rxd4 31. Qc2 Red8 32. f3 Qe3 33. Rc1 Qxf3 34. Rf2 Qxg4 35. Qg6 Qxg6+ 36. hxg6 f5 37. Re2 Re4 38. Rh2 Rg8 39. Rxh6 Rg4 40. g7 R4xg7 41. Rxe6 Rg1 42. Rf6 Rxc1+ 43. Kxc1 Rg1+ 44. Kc2 Rf1 45. b4 f4 46. a4 f3 47. Rf8+ Kc7 48. a5 f2 49. Rf7+ Kd6 50. Kd2 Ra1 0-1

[Event "55th Rubinstein Memorial-A 2019"]
[Site "Polanica-Zdroj"]
[Date "2019.08.25"]
[Round "9.18"]
[White "Jankowiak, Piotr"]
[Black "Kulesza, Andrzej"]
[Result "1/2-1/2"]
[ECO "A45"]
[WhiteElo "2033"]
[BlackElo "1940"]
[Annotator "NA"]
[PlyCount "60"]
[EventDate "2019.08.17"]
[EventType "swiss"]
[EventCountry "POL"]
[SourceTitle "playchess.com"]
[Source "ChessBase"]
[SourceQuality "1"]
[TimeControl "40/5400+30:1800+30"]

1. d4 Nf6 2. Bf4 g6 3. Nc3 d5 4. e3 Bg7 5. h4 h5 6. Nf3 Bg4 7. Be2 c6 8. Ne5 Bxe2 9. Qxe2 Nbd7 10. e4 dxe4 11. Nxe4 Nxe4 12. Qxe4 Nxe5 13. Bxe5 Qa5+ 14. c3 Bxe5 15. Qxe5 Qxe5+ 16. dxe5 Kd7 17. O-O-O+ Ke6 18. Rd3 Rad8 19. Rhd1 Rd5 20. Rxd5 cxd5 21. f4 Rc8 22. Kd2 Rc4 23. Ke3 Re4+ 24. Kf3 Ra4 25. a3 Rc4 26. Rd2 b5 27. g3 Ra4 28. Rd1 Rc4 29. Rd2 Ra4 30. Rd1 Rc4 {[%emt 0:00:06] Ke4 Kxe5+} 1/2-1/2

[Event "55th Rubinstein Memorial-A 2019"]
[Site "Polanica-Zdroj"]
[Date "2019.08.25"]
[Round "9.19"]
[White "Grochol, Kamil"]
[Black "Betkowski, Andrzej"]
[Result "1/2-1/2"]
[ECO "C00"]
[WhiteElo "1837"]
[BlackElo "2023"]
[Annotator "NA"]
[PlyCount "61"]
[EventDate "2019.08.17"]
[EventType "swiss"]
[EventCountry "POL"]
[SourceTitle "playchess.com"]
[Source "ChessBase"]
[SourceQuality "1"]
[TimeControl "40/5400+30:1800+30"]

1. e4 e6 2. d4 d5 3. Bd3 dxe4 4. Bxe4 Nf6 5. Bf3 c5 6. Ne2 Nc6 7. Be3 cxd4 8. Nxd4 Nxd4 9. Qxd4 Nd5 10. Bxd5 Qxd5 11. Qxd5 exd5 12. Nc3 Bb4 13. Bd4 O-O 14. O-O-O Bxc3 15. Bxc3 Be6 16. Rhe1 Rfe8 17. Re3 f6 18. Rde1 Bd7 19. Bd4 a6 20. Re7 Bc6 21. Kd2 Rxe7 22. Rxe7 Rc8 23. f3 Kf8 24. Bc5 Kg8 25. Bd4 Kf8 26. Bc5 Kg8 27. c3 h5 28. g4 Re8 29. Rxe8+ Bxe8 30. Ke3 hxg4 31. fxg4 1/2-1/2

[Event "55th Rubinstein Memorial-A 2019"]
[Site "Polanica-Zdroj"]
[Date "2019.08.25"]
[Round "9.20"]
[White "Mazalon, Mariusz"]
[Black "Pluta, Natalia"]
[Result "1-0"]
[ECO "E90"]
[WhiteElo "2012"]
[BlackElo "1808"]
[Annotator "NA"]
[PlyCount "117"]
[EventDate "2019.08.17"]
[EventType "swiss"]
[EventCountry "POL"]
[SourceTitle "playchess.com"]
[Source "ChessBase"]
[SourceQuality "1"]
[TimeControl "40/5400+30:1800+30"]

1. d4 Nf6 2. c4 g6 3. Nc3 Bg7 4. e4 d6 5. Nf3 O-O 6. h3 e5 7. d5 a5 8. Bg5 Na6 9. Nd2 Qe8 10. g4 Nd7 11. a3 Nb6 12. b3 f5 13. f3 Qf7 14. Be3 Bd7 15. Bd3 Qe7 16. h4 Nc5 17. Be2 fxg4 18. fxg4 Rf4 19. g5 h6 20. Qc2 hxg5 21. hxg5 Qxg5 22. O-O-O Qf6 23. Rdg1 Be8 24. Kb2 Rh4 25. Qd1 Rxh1 26. Rxh1 Bd7 27. Qg1 Rf8 28. Qh2 Rf7 29. Qh7+ Kf8 30. Rf1 Qe7 31. Bh6 Ke8 32. Rxf7 Qxf7 33. Qxg7 Qxg7 34. Bxg7 g5 35. Bf6 g4 36. Bh4 Kf7 37. Nb5 Na6 38. Bf2 Nc8 39. Kc3 g3 40. Bxg3 c6 41. Nxd6+ Nxd6 42. Bxe5 Ke7 43. b4 cxd5 44. exd5 Nf7 45. Bf4 Kf6 46. c5 axb4+ 47. axb4 Kf5 48. Bg3 Ng5 49. Bd3+ Kg4 50. Bh2 Kh3 51. Bd6 Nf7 52. Ne4 Bf5 53. Nf2+ Kg2 54. Bxf5 Kxf2 55. Bc8 Ke3 56. Bxb7 Nxd6 57. cxd6 Nb8 58. Bc6 Ke4 59. d7 {[%emt 0:00:19] Kxd5} 1-0